AoeStats
← EmirR6S

Black Forest

507140614Analyzed
4v4 RM · 15d ago on Sep 16, 2026· 51m 51s· 8 players
Game mode
Random Map
Map size
Large (8 player)
Population
200
Speed
Normal
Resources
Standard
Victory
Conquest
Starting age
Dark Age
Ending age
Imperial Age
RankedLock teamsTeams togetherTeam positionsShared explorationLock speedFull tech treeHidden civsTurbo modeCheats
Victory
Defeat
🇨🇱 Franks · Chile
903
+15
🇬🇧 Bulgarians · United Kingdom
871
+16
🇺🇸 Mongols · United States
850
+17
🇨🇱 Celts · Chile
841
+17
🇷🇴 Britons · Romania
938
-20
🇷🇴 Bohemians · Romania
924
-18
🇷🇴 Mongols · Romania
825
-14
🇷🇴 Persians · Romania
799
-13
Fat Asian Dude
0:29 Loom
12:03 Feudal Age
12:43 Double-Bit Axe
14:05 Wheelbarrow
14:57 Horse Collar
16:26 Gold Mining
20:55 Castle Age
21:59 Stone Mining
22:25 Bow Saw
22:33 Heavy Plow
24:10 Stone Shaft Mining
26:09 Hand Cart
26:46 Gold Shaft Mining
34:34 Imperial Age
31:50 Town Watch
34:44 Town Patrol
36:08 Conscription
35:25 Elite Mangudai
36:40 Fletching
36:50 Padded Archer Armor
37:04 Bloodlines
36:55 Husbandry
36:15 Light Cavalry
37:24 Bodkin Arrow
37:47 Leather Archer Armor
39:26 Bracer
39:36 Forging
39:32 Scale Barding Armor
40:29 Chemistry
39:56 Parthian Tactics
39:20 Hussar
41:14 Iron Casting
41:01 Ballistics
40:47 Thumb Ring
43:26 Blast Furnace
51:48 Chain Barding Armor
ISpillTheCoffee
0:30 Loom
15:46 Feudal Age
22:52 Castle Age
22:16 Horse Collar
27:05 Gold Mining
27:07 Stone Mining
28:46 Forging
30:14 Wheelbarrow
29:27 Town Watch
29:32 Double-Bit Axe
33:38 Heavy Plow
34:00 Bow Saw
38:13 Imperial Age
38:34 Stone Shaft Mining
39:38 Iron Casting
39:10 Scale Barding Armor
39:20 Masonry
40:29 Hand Cart
43:52 Conscription
43:33 Stirrups
44:28 Gold Shaft Mining
44:20 Chain Barding Armor
45:50 Blast Furnace
46:42 Elite Konnik
52:05 Plate Barding Armor
mc174
0:26 Loom
11:57 Feudal Age
12:31 Double-Bit Axe
17:46 Castle Age
18:43 Bow Saw
31:00 Imperial Age
29:10 Wheelbarrow
28:53 Caravan
29:40 Husbandry
29:53 Forging
29:43 Scale Mail Armor
31:07 Iron Casting
30:37 Scale Barding Armor
30:53 Hand Cart
31:08 Gold Mining
31:09 Stone Mining
31:09 Cavalier
32:52 Blast Furnace
32:13 Chain Barding Armor
31:42 Town Watch
32:42 Gold Shaft Mining
32:48 Chivalry
33:09 Conscription
33:16 Paladin
35:36 Ballistics
35:12 Murder Holes
35:39 Fletching
37:23 Plate Barding Armor
37:07 Town Patrol
40:11 Chemistry
43:13 Bodkin Arrow
43:18 Padded Archer Armor
43:33 Fortified Wall
50:53 Hoardings
xRorro96x
11:32 Feudal Age
12:55 Wheelbarrow
12:04 Horse Collar
17:11 Castle Age
15:26 Gold Mining
15:29 Double-Bit Axe
15:48 Stone Mining
18:42 Bow Saw
18:56 Heavy Plow
22:43 Hand Cart
22:24 Gold Mining
27:51 Stone Shaft Mining
27:59 Gold Shaft Mining
27:43 Scale Mail Armor
27:53 Forging
28:45 Treadmill Crane
32:40 Imperial Age
29:57 Town Watch
30:40 Town Patrol
30:27 Loom
31:51 Iron Casting
34:22 Blast Furnace
33:37 Chain Mail Armor
33:30 Scale Barding Armor
33:52 Conscription
33:07 Elite Woad Raider
33:47 Capped Ram
35:23 Plate Mail Armor
36:21 Gambesons
36:22 Arson
36:49 Siege Ram
43:14 Furor Celtica
44:16 Caravan
45:45 Siege Engineers
46:42 Chemistry
46:04 Ballistics
THE SUSPECT
12:38 Feudal Age
20:21 Castle Age
19:52 Gold Mining
20:18 Horse Collar
20:41 Double-Bit Axe
24:12 Stone Mining
26:43 Wheelbarrow
28:47 Hand Cart
34:25 Imperial Age
32:57 Husbandry
33:07 Bloodlines
33:20 Bow Saw
33:13 Heavy Plow
33:46 Caravan
35:08 Conscription
35:59 Forging
36:28 Scale Barding Armor
35:50 Cavalier
37:44 Iron Casting
37:59 Savar
41:35 Blast Furnace
42:15 Chain Barding Armor
42:37 Elite Skirmisher
MDS Destroyer
8:31 Loom
10:53 Feudal Age
15:49 Castle Age
14:20 Double-Bit Axe
17:34 Horse Collar
23:43 Heavy Plow
23:55 Fishing Lines
25:28 Wheelbarrow
25:35 Forging
25:32 Scale Barding Armor
26:18 Bow Saw
27:25 Gillnets
28:49 Hand Cart
28:45 Gold Mining
33:09 Imperial Age
31:43 Gold Shaft Mining
32:26 Ballistics
33:32 Iron Casting
33:18 Chain Barding Armor
33:15 Husbandry
33:25 Bloodlines
33:18 Onager
35:10 Caravan
35:47 Siege Engineers
35:10 Elite Steppe Lancer
37:23 Drill
38:28 Conscription
39:31 Blast Furnace
40:28 Scale Mail Armor
41:05 Light Cavalry
41:09 Siege Onager
47:14 Fletching
47:24 Padded Archer Armor
46:56 Heavy Camel Rider
EmirR6S
11:53 Feudal Age
16:54 Castle Age
15:23 Horse Collar
15:36 Double-Bit Axe
17:55 Wheelbarrow
27:11 Heavy Plow
27:23 Bow Saw
28:38 Fletching
28:48 Padded Archer Armor
29:37 Hand Cart
29:40 Town Watch
29:40 Loom
30:25 Stone Mining
30:25 Gold Mining
30:20 Treadmill Crane
31:01 Ballistics
31:13 Caravan
34:32 Imperial Age
32:15 Bodkin Arrow
32:20 Padded Archer Armor
32:52 Town Patrol
32:53 Padded Archer Armor
32:52 Pikeman
33:34 Squires
33:23 Arson
33:42 Scale Mail Armor
33:52 Forging
34:30 Elite Skirmisher
34:36 Elite Longbowman
36:44 Yeomen
36:45 Conscription
36:41 Fortified Wall
37:59 Iron Casting
37:39 Chain Mail Armor
39:38 Gold Shaft Mining
38:47 Halberdier
42:48 Blast Furnace
42:03 Chain Mail Armor
41:48 Bracer
42:04 Leather Archer Armor
44:03 Chemistry
47:10 Plate Mail Armor
47:10 Ring Archer Armor
51:27 Crossbowman
George Droyd
0:35 Loom
14:06 Feudal Age
18:25 Castle Age
16:39 Horse Collar
17:02 Double-Bit Axe
19:47 Heavy Plow
22:46 Wheelbarrow
24:44 Bow Saw
25:37 Hand Cart
32:30 Imperial Age
30:35 Wagenburg Tactics
31:17 Padded Archer Armor
31:07 Fletching
34:22 Chemistry
33:20 Elite Hussite Wagon
35:10 Two-Man Saw
36:04 Leather Archer Armor
35:45 Bodkin Arrow
36:15 Ballistics
36:04 Houfnice
41:03 Conscription
40:10 Elite Skirmisher
47:12 Pikeman
47:52 Squires
47:38 Arson
Connection lost

Rejoining the realm…

Still unreachable

The connection could not be restored.

Session expired

The server has moved on; the page needs a fresh start.